 Dungeon Crawl Stone Soup version 0.23.0 (webtiles) character file.

Game seed: 17974235000925773824

1065 chequers the Cleaver (level 8, -5/70 HPs)
             Began as a Minotaur Berserker on Feb 8, 2019.
             Was a Priest of Trog.
             Slain by Prince Ribbit (10 damage)
             ... on level 5 of the Dungeon.
             The game lasted 00:05:39 (4919 turns).

chequers the Cleaver (Minotaur Berserker)           Turns: 4919, Time: 00:05:40

Health: -5/70      AC: 11    Str: 23 (24) XL:     8   Next: 6%
Magic:  16/16      EV:  9    Int:  2 (4)  God:    Trog [***...]
Gold:   187        SH:  2    Dex:  9 (10) Spells: 7/7 levels left

rFire    . . .     SeeInvis .   a - +0 war axe
rCold    . . .     Gourm    .   (no shield)
rNeg     . . .     Faith    .   o - +0 chain mail
rPois    .         Spirit   .   e - +2 hat
rElec    .         Reflect  +   (no cloak)
rCorr    .         Harm     .   (no gloves)
MR       ++...                  (no boots)
Stlth    ..........             m - +2 amulet of reflection
HPRegen  1.21/turn              h - ring of magical power
MPRegen  0.15/turn              (no ring)

@: regenerating
A: retaliatory headbutt, horns 2
a: Berserk, Trog's Hand, Renounce Religion


You were on level 5 of the Dungeon.
You worshipped Trog.
Trog was most pleased with you.
You were hungry.

You visited 1 branch of the dungeon, and saw 5 of its levels.

You collected 187 gold pieces.

Inventory:

Hand Weapons
 a - a +0 war axe (weapon)
 s - a +0 morningstar
Armour
 e - a +2 hat (worn)
 o - a +0 chain mail (worn)
Jewellery
 h - a ring of magical power (left hand)
 m - a +2 amulet of reflection (around neck)
Wands
 k - a wand of random effects (14)
Scrolls
 f - a scroll of magic mapping {unknown}
 g - 7 scrolls of identify {unknown}
 j - 4 scrolls of remove curse {unknown}
 l - 2 scrolls of noise {unknown}
 n - 4 scrolls of teleportation {unknown}
 q - a scroll of enchant weapon {unknown}
 r - 2 scrolls of random uselessness {unknown}
Potions
 d - a potion of degeneration
 i - a potion of curing
 p - a potion of flight {unknown}
 t - a potion of might {unknown}
Comestibles
 b - 4 chunks of flesh
 c - 8 rations


   Skills:
 + Level 5.8 Fighting
 * Level 10.0 Axes
 + Level 5.0 Armour
 - Level 2.1 Dodging


You had 7 spell levels left.
You didn't know any spells.
Your spell library was empty.

Dungeon Overview and Level Annotations

Branches:
Dungeon (5/15)
 Temple: D:4-7

Altars:
Dithmenos
Makhleb

Annotations:
D:5 Prince Ribbit


Innate Abilities, Weirdness & Mutations

You reflexively headbutt those who attack you in melee.
You have a pair of horns on your head.


Message History

Prince Ribbit is moderately wounded.
You hit the orc wizard but do no damage.
The orc wizard hits you but does no damage.
The orc wizard casts a spell.
The orc wizard flickers and vanishes!
Deactivating autopickup; reactivate with Ctrl-A.
Prince Ribbit hits you!
* * * LOW HITPOINT WARNING * * *
It was a potion of degeneration.
There was something very wrong with that liquid.
You feel weakened.
You feel dopey.
You feel clumsy.
The orc wizard hits you but does no damage.
Prince Ribbit hits you but does no damage.
You hear some strange, mumbled words.
The orc wizard hits you but does no damage.
It was a potion of curing.
You feel better. Prince Ribbit hits you!
* * * LOW HITPOINT WARNING * * *
The orc wizard hits you but does no damage.
Prince Ribbit hits you!
You die...

#. #.. #....
..####....<
...........
#.........#
##.........# ... #..#
......# ....
##..##F...... .....
##....@)...... ....
###......o#...#.
#..###.....##..# .#
#.....#...##..#
##.....#..###..#
#.........# ##.#
###.....###.###......
#......## ##.........
...###..# #..# ....


You could see Prince Ribbit and an orc wizard.

Vanquished Creatures
  Edmund (D:5)
  A sky beast (D:5)
  An ogre (D:4)
  3 hounds (D:4)
  2 centaur skeletons (D:4)
  2 orc priests (D:4)
  Jessica (D:2)
  Natasha (thrice) (D:2)
  7 orc wizards
  4 worker ants (D:4)
  A hound skeleton (D:4)
  A gnoll (D:1)
  4 adders
  An ooze (D:4)
  2 worms
  3 dart slugs
  3 leopard geckos
  23 orcs
  A ball python (D:3)
  12 bats
  2 giant cockroaches
  5 goblins
  11 hobgoblins
  4 jackals
  6 kobolds
  6 frilled lizards
  A jackal skeleton (D:4)
  A jackal zombie (D:5)
  A leopard gecko skeleton (D:4)
  A quokka skeleton (D:4)
  6 rats
120 creatures vanquished.

Notes
Turn   | Place    | Note
-------+----------+-------------------------------------------
     0 | D:1      | chequers the Minotaur Berserker began the quest for the
                  | Orb.
     0 | D:1      | Reached XP level 1. HP: 19/19 MP: 0/0
    18 | D:1      | Reached skill level 4 in Axes
    55 | D:1      | Reached XP level 2. HP: 11/26 MP: 1/1
   426 | D:1      | Reached skill level 5 in Axes
   633 | D:1      | Reached XP level 3. HP: 31/31 MP: 2/2
  1125 | D:2      | Found a shadowy altar of Dithmenos.
  1128 | D:2      | Reached ** piety under Trog
  1169 | D:2      | Noticed Natasha
  1185 | D:2      | Killed Natasha
  1185 | D:2      | Reached skill level 6 in Axes
  1185 | D:2      | Reached XP level 4. HP: 34/39 MP: 3/3
  1264 | D:2      | Noticed Natasha
  1273 | D:2      | Killed Natasha
  1554 | D:2      | Noticed Jessica
  1573 | D:2      | Killed Jessica
  1892 | D:2      | Noticed Natasha
  1903 | D:2      | Killed Natasha
  1903 | D:2      | Reached skill level 7 in Axes
  1903 | D:2      | Reached XP level 5. HP: 32/45 MP: 4/4
  2314 | D:2      | Found a burning altar of Makhleb.
  2644 | D:3      | Found a faded altar of an unknown god.
  2903 | D:3      | Reached XP level 6. HP: 52/52 MP: 5/5
  3389 | D:4      | Reached skill level 8 in Axes
  3528 | D:4      | Reached *** piety under Trog
  3750 | D:4      | Reached XP level 7. HP: 60/60 MP: 6/6
  3896 | D:4      | Reached skill level 9 in Axes
  3959 | D:4      | Reached skill level 5 in Fighting
  4689 | D:5      | Entered Level 5 of the Dungeon
  4692 | D:5      | Noticed Edmund
  4700 | D:5      | Killed Edmund
  4839 | D:5      | Reached **** piety under Trog
  4839 | D:5      | Reached XP level 8. HP: 61/70 MP: 7/7
  4906 | D:5      | Noticed Prince Ribbit
  4912 | D:5      | Reached skill level 10 in Axes
  4912 | D:5      | Reached skill level 5 in Armour
  4919 | D:5      | Slain by Prince Ribbit

Skill      XL: |  1  2  3  4  5  6  7  8 |
---------------+-------------------------+-----
Axes           | 4 5 6 7 8 9 10 | 10.0
Fighting       | 4 5 |  5.8
Armour         | 3 4 5 |  5.0
Dodging        | |  2.1

Action                   |  1- 3 |  4- 6 |  7- 9 || total
-------------------------+-------+-------+-------++-------
Melee: Hand axe          |    70 |    40 |       ||   110
       Headbutt          |     7 |    21 |    14 ||    42
       War axe           |       |    98 |    91 ||   189
Invok: Berserk           |     1 |     3 |     1 ||     5
       Trog's Hand       |     1 |     1 |     1 ||     3
  Use: Potion            |       |       |     2 ||     2
  Eat: Chunk             |     2 |     8 |     5 ||    15
       Ration            |       |     1 |       ||     1
Armor: Animal skin       |    31 |    11 |       ||    42
       Chain mail        |       |    50 |    54 ||   104
Dodge: Dodged            |    57 |    80 |    42 ||   179
Block: Other             |       |     6 |     9 ||    15
       Reflection        |       |       |     1 ||     1
